 Dungeon Crawl Stone Soup version 0.32-a0-913-g739538afd8 (webtiles) character file.

Game seed: 15259954458990003666

333 spaghetti the Ruffian (level 6, -2/56 HPs)
             Began as a Naga Berserker on Apr 10, 2024.
             Was a Believer of Trog.
             Slain by a goblin
             ... wielding a +0 mace
             ... led by Robin
              (4 damage)
             ... on level 3 of the Dungeon.
             The game lasted 00:02:40 (1874 turns).

spaghetti the Ruffian (Naga Berserker)              Turns: 1874, Time: 00:02:40

Health: -2/56      AC:  3    Str: 19    XL:     6   Next: 53%
Magic:  6/6        EV:  9    Int:  8    God:    Trog [**....]
Gold:   107        SH:  0    Dex: 12    Spells: 5/5 levels left

rFire   . . .        b - +1 scythe (venom)
rCold   . . .        (shield currently unavailable)
rNeg    . . .        a - +0 animal skin
rPois   +            (no helmet)
rElec   .            (no cloak)
rCorr   .            (no gloves)
SInv    +            (no barding)
Will    .....        (no amulet)
Stlth   +            (no ring)
HPRegen 0.29/turn    (no ring)
MPRegen 0.10/turn

%: no passive effects
@: brilliant, on berserk cooldown, slowed, very slow
A: AC +2, large, see invisible, deformed body, poison resistance, slowness 2,
spit poison 1, naga tail 1
a: Spit Poison, Renounce Religion, Berserk, Trog's Hand


You were on level 3 of the Dungeon.
You worshipped Trog.
Trog was pleased with you.
You visited 1 branch of the dungeon, and saw 3 of its levels.

You collected 107 gold pieces.

Inventory:

Hand Weapons
 b - a +1 scythe of venom (weapon)
Armour
 a - a +0 animal skin (worn)
Scrolls
 c - a scroll of noise
 f - a scroll of identify


   Skills:
 - Level 3.0 Fighting
 - Level 1.5 Armour
 - Level 1.5 Dodging
 + Level 7.1 Unarmed Combat


You had 5 spell levels left.
You didn't know any spells.
Your spell library was empty.

Dungeon Overview and Level Annotations

Branches:
Dungeon (3/15)

Altars:
Ru

Annotations:
D:3 Robin


Innate Abilities, Weirdness & Mutations

Your serpentine skin is tough. (AC +2)
You have supernaturally acute eyesight. (SInv)
Armour fits poorly on your strangely shaped body.
Your system is resistant to poisons. (rPois)
You cover ground very slowly.
You can spit poison.
You have a snake-like lower body.


Message History

A hobgoblin comes into view.
Robin roars a battlecry!
The goblins go into a battle-frenzy!
The orc hits you with a +0 club.
Unknown command.
Unknown command.
The hobgoblin no longer looks unusually strong. x2
The goblin barely misses you. x2; The hobgoblin hits you.
Robin roars a battlecry!
The hobgoblins go into a battle-frenzy!
Unknown command.
Unknown command.
Unknown command.
The goblin closely misses you. The goblin attacks as it pursues you!
The goblin hits you with a +0 dagger.
* * * LOW HITPOINT WARNING * * *
The goblin hits you with a +0 dagger.
* * * LOW HITPOINT WARNING * * *
Unknown command.
Unknown command.
Unknown command.
Unknown command.
The goblin no longer looks unusually strong.
The goblin hits you with a +0 mace.
* * * LOW HITPOINT WARNING * * *
The goblin attacks as it pursues you! The goblin closely misses you.
Robin roars a battlecry!
The goblins go into a battle-frenzy!
The goblin misses you. The goblin hits you but does no damage.
The goblin hits you with a +0 dagger.
* * * LOW HITPOINT WARNING * * *
Unknown command.
Unknown command.
Unknown command.
The goblin attacks as it pursues you! The goblin hits you with a +0 mace.
* * * LOW HITPOINT WARNING * * *
Robin throws the goblin at you! The goblin hits you with a +0 dagger.
* * * LOW HITPOINT WARNING * * *
The goblin hits you with a +0 mace.
You die...

..................~.. #.⌠.
.......)..........~.####.~.
.....###g.........~.P....⌠.
... #..gg.......~~..~⌠~⌠. .
#.ggg####............
#...b####.....###....
#.ggg##....#### #####
#..og##..†## #..g@##..#.#
#..g.##....# #....##....#
#....##..#.# #....##...##
#....##.)..# ####.##..)##
#.##..#.# #.##....#


You could see Robin, an orc, 4 hobgoblins, 7 goblins and a bat.

Vanquished Creatures
  Sigmund (D:2)
  Terence (D:2)
  3 orc wizards (D:3)
  An adder (D:2)
  A ribbon worm (D:2)
  5 orcs (D:3)
  3 ball pythons (D:2)
  6 bats
  9 endoplasms
  7 goblins
  2 hobgoblins (D:2)
  4 jackals
  5 kobolds
  A quokka (D:3)
  2 frilled lizards (D:1)
  5 rats
56 creatures vanquished.

Vanquished Creatures (collateral kills)
  A rat (D:2)
1 creature vanquished.

Grand Total: 57 creatures vanquished

Notes
Turn   | Place    | Note
-------+----------+-------------------------------------------
     0 | D:1      | spaghetti the Naga Berserker began the quest for the Orb.
     0 | D:1      | Reached XP level 1. HP: 21/21 MP: 1/1
   179 | D:1      | Reached XP level 2. HP: 27/28 MP: 2/2
   459 | D:1      | Reached skill level 4 in Unarmed Combat
   625 | D:1      | Reached ** piety under Trog
   626 | D:1      | Reached XP level 3. HP: 34/34 MP: 3/3
   975 | D:2      | Noticed Sigmund
   989 | D:2      | Killed Sigmund
   990 | D:2      | Reached skill level 6 in Unarmed Combat
   990 | D:2      | Reached XP level 4. HP: 7/42 MP: 4/4
   990 | D:2      | Reached XP level 5. HP: 8/49 MP: 5/5
  1334 | D:2      | Noticed Terence
  1339 | D:2      | Killed Terence
  1340 | D:2      | Reached XP level 6. HP: 56/56 MP: 6/6
  1452 | D:2      | Found a sacrificial altar of Ru.
  1663 | D:3      | Reached skill level 7 in Unarmed Combat
  1862 | D:3      | Noticed Robin
  1874 | D:3      | HP: 2/56 [goblin/+0 dagger[Robin] (2)]
  1874 | D:3      | Slain by a goblin

Illustrated notes

Levels and vault maps discovered:
D:1:      giann_wishing_wells, layout_basic, corexii_item_surrounded_by_moat
D:2:      layout_rooms, basic_altar, uniq_terence, uniq_sigmund
D:3:      wad_river_or_something, layout_basic,
          shapermc_ecumenical_altar_acropolis, minivault_25, uniq_robin

Skill      XL: |  1  2  3  4  5  6 |
---------------+-------------------+-----
Unarmed Combat | 4 6 7 |  7.1
Fighting       | |  3.0
Armour         | |  1.5
Dodging        | |  1.5

Action                     |  1- 3 |  4- 6 || total
---------------------------+-------+-------++-------
  Melee: Unarmed           |    73 |     7 ||    80
         Halberd           |       |    40 ||    40
 Invoke: Berserk           |     2 |     2 ||     4
         Trog's Hand       |     1 |       ||     1
Ability: Spit Poison       |    23 |    10 ||    33
    Use: Potion            |     4 |     1 ||     5
         Scroll            |     1 |     1 ||     2
   Stab: Sleeping          |     1 |       ||     1
 Armour: Animal skin       |    57 |    66 ||   123
  Dodge: Dodged            |    32 |    38 ||    70

Table legend: (Time is in decaauts)
 A = Elapsed time spent in this place.
 B = Non-inter-level travel time spent in this place.
 C = Inter-level travel time spent in this place.
 D = Time resting spent in this place.
 E = Time spent auto-exploring this place.
 F = Levels seen in this place.
 G = Mean time per level.
                   A        B        C        D        E       F      G
               +--------+--------+--------+--------+--------+-----+--------+
         Total |   2395 |   2294 |    101 |    112 |   1771 |   3 |  798.3 |
       Dungeon |   2395 |   2294 |    101 |    112 |   1771 |   3 |  798.3 |
               +--------+--------+--------+--------+--------+-----+--------+

Top non-repeatable levels by time:
     D:1: 1124 daAuts
     D:2: 958 daAuts
     D:3: 312 daAuts
